 Dungeon Crawl Stone Soup version 0.27-a0-263-gc8dee61f84 (webtiles) character file.

Game seed: 15104661822224131667

34 greenwhat the Chopper (level 3, 0/33 HPs)
             Began as a Hill Orc Berserker on Feb 5, 2021.
             Was a Follower of Trog.
             Succumbed to an adder's poison
             ... on level 2 of the Dungeon.
             The game lasted 00:09:41 (1290 turns).

greenwhat the Chopper (Hill Orc Berserker)          Turns: 1290, Time: 00:09:42

Health: 0/33       AC:  3    Str: 20    XL:     3   Next: 31%
Magic:  3/3        EV: 12    Int:  7    God:    Trog [*.....]
Gold:   60         SH:  0    Dex: 10    Spells: 2/2 levels left

rFire    . . .     SeeInvis .   a - +0 hand axe
rCold    . . .     Faith    .   (no shield)
rNeg     . . .     Spirit   .   n - +0 leather armour
rPois    .         Reflect  .   (no helmet)
rElec    .         Harm     .   (no cloak)
rCorr    .         Rampage  .   (no gloves)
Will     .....                  (no boots)
Stlth    +.........             (no amulet)
HPRegen  0.11/turn              (no ring)
MPRegen  0.08/turn              (no ring)

@: lethally poisoned (0 -> -9)
A: no striking features
a: Renounce Religion, Berserk


You were on level 2 of the Dungeon.
You worshipped Trog.
Trog was aware of your devotion.
You visited 1 branch of the dungeon, and saw 2 of its levels.

You collected 60 gold pieces.

Inventory:

Hand Weapons
 a - a +0 hand axe (weapon)
 f - a +0 hand axe
 h - a +0 club
 k - a +0 whip
 q - a +0 trident
Missiles
 c - 44 stones
 g - 37 arrows
 j - 6 boomerangs
 o - 41 sling bullets
Armour
 b - a +0 animal skin
 n - a +0 leather armour (worn)
Jewellery
 i - an uncursed ring of protection from fire {unknown}
Scrolls
 d - 3 scrolls of teleportation {unknown}
 e - a scroll of remove curse {unknown}
Potions
 l - a potion of brilliance {unknown}


   Skills:
 + Level 4.0 Fighting
 + Level 4.7 Axes
 + Level 2.4 Armour
 + Level 2.0 Dodging
 + Level 0.1 Stealth


You had 2 spell levels left.
You didn't know any spells.
Your spell library was empty.

Dungeon Overview and Level Annotations

Branches:
Dungeon (2/15)

Altars:


Message History

* * * LOW HITPOINT WARNING * * *
You are lethally poisoned!
The adder poisons you! The adder bites you.
* * * LOW HITPOINT WARNING * * *
You are more poisoned.
The adder poisons you!
It was a potion of cancellation.
You feel magically purged.
* * * LOW HITPOINT WARNING * * *
You feel sick. The adder bites you but does no damage.
You closely miss the adder.
The adder is moderately wounded.
* * * LOW HITPOINT WARNING * * *
You feel sick. The adder closely misses you.
You hit the adder.
The adder is heavily wounded.
* * * LOW HITPOINT WARNING * * *
You feel sick. The adder barely misses you. x2
You barely miss the adder.
The adder is heavily wounded.
You die...

#. #.# #.. #.#
.... #.##.# #.. #.
####..#.######..
#. .....#.#...##..
## #..#.#...##.# #
#....#...##.# #
#.#..#...##.# #
#........##@# #
###.......S†######
##>.##.##......#
.....##.##......#
####.###.##......#
#.# #........<#
#.# ####......#
#.# #.......# #.#
#....####


You could see an adder.

Vanquished Creatures
  2 adders (D:2)
  An ooze (D:2)
  2 giant cockroaches
  2 goblins
  2 hobgoblins
  A kobold (D:1)
  A frilled lizard (D:1)
  A rat (D:1)
12 creatures vanquished.

Vanquished Creatures (others)
  6 plants (D:2)
6 creatures vanquished.

Grand Total: 18 creatures vanquished

Notes
Turn   | Place    | Note
-------+----------+-------------------------------------------
     0 | D:1      | greenwhat the Hill Orc Berserker began the quest for the
                  | Orb.
     0 | D:1      | Reached XP level 1. HP: 19/19 MP: 1/1
   626 | D:1      | Reached XP level 2. HP: 18/27 MP: 2/2
  1061 | D:2      | Found a faded altar of an unknown god.
  1242 | D:2      | Reached XP level 3. HP: 18/33 MP: 3/3
  1289 | D:2      | HP: 1/33 [poisoned by an adder]
  1290 | D:2      | Succumbed to an adder's poison

Illustrated notes

Levels and vault maps discovered:
D:1:      nzn_arrival_water_spiral, layout_basic, dk_noncrumbling_3
D:2:      layout_basic, overflow_temple_1_default,
          chequers_ecumenical_altar_lobes

Skill      XL: |  1  2  3 |
---------------+----------+-----
Dodging        | 2 |  2.0
Fighting       | 4 |  4.0
Axes           | |  4.7
Armour         | |  2.4
Stealth        | |  0.1

Action                   || total
-------------------------++-------
Melee: Hand axe          ||    69
  Use: Potion            ||     3
Armor: Animal skin       ||     5
       Leather armour    ||    12
Dodge: Dodged            ||    39

Table legend: (Time is in decaauts)
 A = Elapsed time spent in this place.
 B = Non-inter-level travel time spent in this place.
 C = Inter-level travel time spent in this place.
 D = Time resting spent in this place.
 E = Time spent auto-exploring this place.
 F = Levels seen in this place.
 G = Mean time per level.
                   A        B        C        D        E       F      G
               +--------+--------+--------+--------+--------+-----+--------+
         Total |   1294 |   1294 |      0 |    277 |      0 |   2 |  647.0 |
       Dungeon |   1294 |   1294 |      0 |    277 |      0 |   2 |  647.0 |
               +--------+--------+--------+--------+--------+-----+--------+

Top non-repeatable levels by time:
     D:1: 944 daAuts
     D:2: 350 daAuts
